 Dungeon Crawl Stone Soup version 0.27.0-1-g7a089689b8 (webtiles) character file.

Game seed: 12085564107067430193

1365 SkeletonJelly the Carver (level 8, -3/75 HPs)
             Began as a White Draconian Gladiator on Aug 2, 2021.
             Was an Initiate of Gozag.
             Slain by an orc wizard (4 damage)
             ... on level 6 of the Dungeon.
             The game lasted 00:10:43 (7015 turns).

SkeletonJelly the Carver (DrGl)                     Turns: 7015, Time: 00:10:43

Health: -3/75      AC:  6    Str: 13 (14) XL:     8   Next: 38%
Magic:  8/8        EV: 12    Int:  5 (8)  God:    Gozag
Gold:   857        SH:  0    Dex: 15 (16) Spells: 6/7 levels left

rFire    . . .     SeeInvis .   a - +0 long sword
rCold    + . .     Faith    .   (no shield)
rNeg     . . .     Spirit   .   (armour unavailable)
rPois    .         Reflect  .   b - +0 hat
rElec    .         Harm     .   (no cloak)
rCorr    .         Rampage  .   (no gloves)
Will     .....                  (no boots)
Stlth    +.........             (no amulet)
HPRegen  0.22/turn              (no ring)
MPRegen  0.11/turn              (no ring)

@: about to teleport, gold aura, flying, studying Fire Magic
A: breathe frost, AC +6, unfitting armour, cold resistance 1, cold-blooded,
mutation resistance 1, robust 1, weak 1
a: Breathe Frost, Renounce Religion, Potion Petition, Call Merchant, Bribe
Branch


You were on level 6 of the Dungeon.
You worshipped Gozag.
Gozag was pleased with you.
You visited 1 branch of the dungeon, and saw 6 of its levels.

You collected 857 gold pieces.

Inventory:

Hand Weapons
 a - a +0 long sword (weapon)
Missiles
 c - a throwing net
Armour
 b - a +0 hat (worn)
Jewellery
 m - an amulet of guardian spirit
Wands
 i - a wand of charming (5)
Scrolls
 d - 2 scrolls of teleportation
 e - a scroll of enchant armour {unknown}
 g - 3 scrolls of identify
 l - a scroll of vulnerability {unknown}
 n - a scroll of immolation {unknown}
 o - 2 scrolls of fog
 p - a scroll of holy word
 q - a scroll of enchant weapon {unknown}
 r - a scroll of magic mapping {unknown}
 s - a scroll of amnesia {unknown}
 v - a scroll of blinking {unknown}
Potions
 j - 2 potions of degeneration
 k - a potion of attraction


   Skills:
 * Level 5.5 Fighting
 + Level 9.7 Long Blades
 - Level 1.7 Throwing
 - Level 2.6 Dodging


You had 6 spell levels left.
You knew the following spells:

 Your Spells              Type           Power      Damage    Failure   Level
a - Corona                Hex            0%         N/A       47%         1

Your spell library contained the following spells:

 Spells                   Type           Power      Damage    Failure   Level
 Magic Dart               Conj           0%         1d3       47%         1
 Call Imp                 Summ           0%         N/A       63%         2
 Ensorcelled Hibernation  Hex/Ice        0%         N/A       63%         2
 Static Discharge         Conj/Air       0%         N/A       63%         2
 Gell's Gravitas          Tloc           0%         N/A       85%         3
 Lesser Beckoning         Tloc           0%         N/A       85%         3
 Mephitic Cloud           Conj/Pois/Air  0%         N/A       85%         3
 Teleport Other           Tloc           0%         N/A       85%         3
 Tukima's Dance           Hex            0%         N/A       85%         3
 Lightning Bolt           Conj/Air       0%         1d11      100%        5
 Maxwell's Capacitive Co  Air            0%         ∞         100%        8


Dungeon Overview and Level Annotations

Branches:
Dungeon (6/15)             Temple (0/1) D:4

Altars:
Gozag
Hepliaklqana
Trog
Vehumet
Xom

Shops:
D:3 [

Annotations:
D:4 3 runed translucent doors, ZombieSheep's ghost, amateur HOFi


Innate Abilities, Weirdness & Mutations

You can breathe waves of freezing cold which knock back foes.
Your icy white scales are hard. (AC +6)
You cannot fit into any form of body armour.
Your flesh is cold resistant. (rC+)
You are cold-blooded and may be slowed by cold attacks.
You are somewhat resistant to further mutation.
You are robust. (+10% HP)
You are weak. (Str -2)


Message History

The orc wizard hits you but does no damage.
The bullfrog skeleton misses you. Something hits you but does no damage.
It was a potion of cancellation.
Your magical effects are unravelling.
You feel magically purged.
You feel less confused.
The orc priest hits you with a +0 falchion.
The bullfrog skeleton closely misses you.
You riposte.
You hit the bullfrog skeleton.
The bullfrog skeleton is lightly damaged.
The orc wizard hits you but does no damage.
Something hits you.
You feel less attractive to monsters.
You completely miss the orc priest.
The orc priest is severely wounded.
The bullfrog skeleton hits you but does no damage.
The orc priest hits you but does no damage.
The orc wizard hits you but does no damage.
Something hits you but does no damage.
It was a potion of flight.
You feel very buoyant.
You fly up into the air.
The bullfrog skeleton hits you.
* * * LOW HITPOINT WARNING * * *
The orc priest closely misses you.
The orc wizard hits you with a +2 dagger of freezing.
* * * LOW HITPOINT WARNING * * *
The orc wizard freezes you.
* * * LOW HITPOINT WARNING * * *
You hear some strange, mumbled words.
A puff of flame appears from out of thin air!
The puff of flame hits you.
* * * LOW HITPOINT WARNING * * *
It was a potion of heal wounds.
You feel much better.
You have got your breath back.
The bullfrog skeleton hits you but does no damage.
The orc priest hits you with a +0 falchion.
The orc wizard hits you but does no damage.
The bullfrog skeleton closely misses you.
Something hits you but does no damage.
You closely miss the orc priest.
The orc priest is severely wounded.
The orc priest hits you with a +0 falchion.
The bullfrog skeleton completely misses you.
The orc wizard hits you but does no damage.
You barely miss the orc priest.
The orc priest is severely wounded.
Something hits you but does no damage. The bullfrog skeleton hits you.
The orc priest hits you with a +0 falchion.
The orc wizard hits you with a +2 dagger of freezing.
The orc wizard freezes you.
As you read the scroll labelled NOTEQE DOLUW, it crumbles to dust.
You feel strangely unstable.
It was a scroll of teleportation.
The bullfrog skeleton hits you. Something hits you but does no damage.
The orc priest invokes the aid of Beogh against you.
Pain shoots through your body!
* * * LOW HITPOINT WARNING * * *
The orc wizard barely misses you.
You riposte.
You closely miss the orc wizard.
The orc wizard is moderately wounded.
Okay, then.
Okay, then.
Unknown command.
Unknown command.
It was a potion of mutation.
You feel extremely strange.
You feel robust.
You feel weaker.
You feel genetically stable.
The bullfrog skeleton hits you but does no damage.
Something hits you but does no damage.
The orc priest invokes the aid of Beogh against you.
Pain shoots through your body!
* * * LOW HITPOINT WARNING * * *
The bullfrog skeleton misses you.
You riposte.
You hit the bullfrog skeleton.
Your tail-slap misses the bullfrog skeleton.
The bullfrog skeleton is moderately damaged.
The orc wizard mumbles some strange words.
The orc wizard flickers and vanishes!
Okay, then.
Unknown command.
Unknown command.
Unknown command.
Unknown command.
Unknown command.
Unknown command.
Okay, then.
Unknown command.
Unknown command.
Unknown command.
Unknown command.
As you read the scroll labelled WEAGHY CODEGE, it crumbles to dust.
It is a scroll of identify.
o - 2 scrolls of fog Something hits you but does no damage.
The bullfrog skeleton closely misses you.
You riposte.
You barely miss the bullfrog skeleton.
The bullfrog skeleton is moderately damaged.
The orc priest barely misses you. Something hits you.
* * * LOW HITPOINT WARNING * * *
As you read the scroll labelled YDYCICE SUERRA, it crumbles to dust.
You speak a Word of immense power!
The bullfrog skeleton convulses!
You destroy the bullfrog skeleton!
It was a scroll of holy word.
Something hits you.
You die...
Your body crumbles into a pile of gold.

#..#################
# #......## #
######))# ####
##.### #... #...#
#####.## ###.##
###.....## #..##
###...######
##{.###...### #..
#@{.........####..
#o$#########.......
<..## #####... ##..
#..# ... ######..#
#.## ###........ #.
....###.... ..
.........##
#####..##


You could see an orc priest.

Vanquished Creatures
  3 ogres
  An orc warrior (D:4)
  A black bear (D:6)
  A centaur (D:6)
  A phantom (D:4)
  A water moccasin zombie (D:6)
  2 bullfrog zombies
  A hound (D:4)
  A jelly (D:4)
  2 bullfrog skeletons (D:6)
  2 centaur skeletons
  Jessica (D:2)
  Terence (D:2)
  2 iguanas
  3 orc wizards
  2 killer bee zombies
  2 hound skeletons
  A howler monkey zombie (D:5)
  2 howler monkey skeletons (D:5)
  3 adders
  3 gnolls (D:5)
  2 worms
  2 dart slugs
  11 orcs
  6 ball pythons
  2 bats
  8 endoplasms
  A giant cockroach (D:1)
  2 goblins
  4 hobgoblins
  6 jackals
  4 kobolds
  3 quokkas
  A frilled lizard (D:1)
  7 rats
95 creatures vanquished.

Vanquished Creatures (collateral kills)
  An orc warrior (D:4)
  An ogre (D:5)
  A jelly (D:5)
  An orc wizard (D:6)
  3 orcs
  2 jackals (D:5)
9 creatures vanquished.

Vanquished Creatures (others)
  Edmund (D:5)
  A quokka (D:4)
2 creatures vanquished.

Grand Total: 106 creatures vanquished

Notes
Turn   | Place    | Note
-------+----------+-------------------------------------------
     0 | D:1      | SkeletonJelly the Draconian Gladiator began the quest for
                  | the Orb.
     0 | D:1      | Reached XP level 1. HP: 17/17 MP: 1/1
   423 | D:1      | Reached XP level 2. HP: 24/24 MP: 2/2
   478 | D:1      | Found a faded altar of an unknown god.
   488 | D:1      | Became a worshipper of Gozag Ym Sagoz the Greedy
  1081 | D:2      | Reached skill level 4 in Long Blades
  1081 | D:2      | Reached XP level 3. HP: 17/29 MP: 3/3
  1423 | D:2      | Noticed Jessica
  1429 | D:2      | Killed Jessica
  1481 | D:2      | Found a shimmering altar of Xom.
  1597 | D:2      | Noticed Terence
  1607 | D:2      | Killed Terence
  1608 | D:2      | Reached skill level 5 in Long Blades
  1608 | D:2      | Reached XP level 4. HP: 21/36 MP: 4/4
  2175 | D:3      | Found Bine's Armour Shop.
  2902 | D:4      | Found a staircase to the Ecumenical Temple.
  2980 | D:4      | Found a radiant altar of Vehumet.
  3111 | D:4      | Noticed an orc warrior
  3135 | D:4      | Killed an orc warrior
  3136 | D:4      | Reached skill level 6 in Long Blades
  3136 | D:4      | Reached XP level 5. HP: 14/41 MP: 5/5
  3382 | D:4      | You fall into a shaft and drop 1 floor!
  3382 | D:5      | Entered Level 5 of the Dungeon
  3383 | D:5      | Noticed an ogre
  3408 | D:5      | Noticed Edmund
  3416 | D:5      | Killed an ogre
  3457 | D:5      | Reached XP level 6. HP: 47/48 MP: 6/6
  3459 | D:5      | Found a hazy altar of Hepliaklqana.
  3462 | D:5      | Found a bloodstained altar of Trog.
  3507 | D:5      | Your ally died
  3521 | D:5      | Killed an ogre
  3522 | D:5      | Reached skill level 7 in Long Blades
  3930 | D:4      | You fall into a shaft and drop 2 floors!
  3969 | D:6      | Reached skill level 8 in Long Blades
  3969 | D:6      | Your scales start taking on an icy white colour.
  3969 | D:6      | Reached XP level 7. HP: 14/55 MP: 7/7
  3969 | D:6      | Gained mutation: Your flesh is cold resistant. (rC+) [White
                  | Draconian growth]
  4564 | D:4      | Found a runed translucent gate.
  4565 | D:4      | Found a runed translucent gate.
  4566 | D:4      | Found a runed translucent gate.
  4566 | D:4      | Noticed ZombieSheep's ghost (amateur HOFi)
  4886 | D:4      | Reached skill level 9 in Long Blades
  5595 | D:5      | Learned a level 1 spell: Corona
  5776 | D:5      | Found an opulent altar of Gozag.
  6176 | D:6      | Reached XP level 8. HP: 39/66 MP: 8/8
  6567 | D:6      | Reached skill level 5 in Fighting
  7013 | D:6      | Gained mutation: You are robust. (+10% HP) [potion of
                  | mutation]
  7013 | D:6      | Gained mutation: You are weak. (Str -2) [potion of
                  | mutation]
  7013 | D:6      | Gained mutation: You are somewhat resistant to further
                  | mutation. [potion of mutation]
  7014 | D:6      | HP: 1/75 [something (3)]
  7015 | D:6      | Slain by an orc wizard

Illustrated notes

Levels and vault maps discovered:
D:1:      co_arrival_square_in_a_square_in_a_square, layout_loops_ring,
          hellmonk_ecumenical_altar_lost_god, serial_bayou,
          serial_bayou_shore_a, serial_bayou_lake_a, serial_bayou_crossing,
          serial_bayou_pond_b, supply_closet_lemuel
D:2:      layout_basic, basic_altar, uniq_jessica, uniq_terence
D:3:      layout_basic, serial_shops, shop
D:4:      layout_gridville, general_overflow_altar,
          minmay_temple_entry_purple_smoke, gammafunk_ghost_necromancy,
          kennysheep_dice
D:5:      layout_basic, grunt_temple_overflow_open, uniq_edmund
D:6:      layout_rooms, minivault_14, minmay_manual_moon

Skill      XL: |  1  2  3  4  5  6  7  8 |
---------------+-------------------------+-----
Long Blades    | 4 5 6 8 9 |  9.7
Fighting       | 3 5 |  5.5
Throwing       | |  1.7
Dodging        | |  2.6

Action                   |  1- 3 |  4- 6 |  7- 9 || total
-------------------------+-------+-------+-------++-------
Melee: Long sword        |    55 |   109 |   181 ||   345
       Tailslap          |     4 |    18 |    29 ||    51
Throw: Throwing net      |     1 |     3 |       ||     4
 Abil: Breathe Frost     |       |       |     8 ||     8
Evoke: Wand              |       |     4 |     4 ||     8
  Use: Potion            |       |       |     6 ||     6
       Scroll            |       |       |     3 ||     3
 Stab: Sleeping          |     1 |     2 |     1 ||     4
Armor: Skin              |    11 |    35 |    72 ||   118
Dodge: Dodged            |    39 |    69 |   153 ||   261
       Rpst.: Long sword |     8 |    16 |    26 ||    50
